Cogmind - Beta 15 --- EXPLORER MODE // 2025.10.08 @ 15:30:31 Player: Jacobzzzz Result: Self-destructed Performance ------------- Evolutions (1) 500 Regions Visited (3) 600 Robots Destroyed (19) 95 Value Destroyed (448) 448 Prototype IDs (0) 0 Alien Tech Used (0) 0 Bonus (0) 0 TOTAL SCORE: 1643 Bonus ------- None Cogmind --------- Core Integrity 400/400 Matter 300/300 Energy 250/250 System Corruption 0% Temperature Cool (0) Movement Rolling (90) Location -9/Materials Parts ------- > --- POWER (1) -------- Ion Engine > --- PROPULSION (3) --- Wheel Compact Wheel > --- UTILITY (4) ------ Heat Sink Medium Storage Unit Targeting Computer > --- WEAPON (2) ------- Light Cannon Grenade Launcher > --- INVENTORY (10) --- Light Ion Engine ECM Suite Light Cannon Light Cannon Mining Laser Peak State ------------ > --- POWER ------------ Light Ion Engine > --- PROPULSION ------- Wheel Compact Wheel > --- UTILITY ---------- Heat Sink Medium Storage Unit Targeting Computer > --- WEAPON ----------- Particle Gun Beam Cannon > --- INVENTORY -------- ECM Suite Mining Laser [Rating: 9] Favorites ----------- Power Light Ion Engine Engine Light Ion Engine Propulsion Compact Wheel Leg Aluminum Leg Wheel Compact Wheel Utility Targeting Computer Device Heat Sink Storage Medium Storage Unit Processor Targeting Computer Weapon Light Cannon Energy Gun Medium Laser Energy Cannon Beam Cannon Ballistic Cannon Light Cannon Launcher Grenade Launcher Build | -11 -10 -10 -9 ------- Run | Yrd Mat Min Mat Slots Evolved 3 | . 1 . 2 Power . | . . . . Propulsion 1 | . . . 1 Utility 2 | . 1 . 1 Weapon . | . . . . Parts Attached 20 | 7 10 3 . Power 4 | 1 1 2 . Engine 4 | 1 1 2 . Core . | . . . . Reactor . | . . . . Propulsion 4 | 2 2 . . Treads . | . . . . Leg 2 | 2 . . . Wheel 2 | . 2 . . Hover . | . . . . Flight . | . . . . Utility 5 | 2 3 . . Device 2 | 1 1 . . Storage 1 | . 1 . . Processor 2 | 1 1 . . Hackware . | . . . . Protection . | . . . . Artifact . | . . . . Weapon 7 | 2 4 1 . Energy Gun 3 | 2 1 . . Energy Cannon 1 | . 1 . . Ballistic Gun . | . . . . Ballistic Cannon 2 | . 2 . . Launcher 1 | . . 1 . Special Weapon . | . . . . Impact Weapon . | . . . . Slashing Weapon . | . . . . Piercing Weapon . | . . . . Special Melee Weapon . | . . . . Unidentified Prototypes . | . . . . Parts Lost 1 | . 1 . . Power . | . . . . Propulsion . | . . . . Utility 1 | . 1 . . Weapon . | . . . . Highest Loss Streak 1 | . 1 . . To Critical Strikes . | . . . . Average Backups 2 | . 1 4 5 Power . | . . . 1 Propulsion . | . . . . Utility . | . . 1 1 Weapon 1 | . . 2 3 Tool/Special . | . . . . Unused Backups 3 | . 1 . 2 Power . | . . . . Propulsion . | . . . . Utility . | . . . . Weapon 3 | . 1 . 2 Tool/Special . | . . . . Average Slot Usage (%) 95 | . 93 100 80 Engine 11 | . 12 12 10 Leg 2 | . 4 . . Wheel 21 | . 17 25 20 Device 12 | . 13 12 10 Storage 9 | . 7 12 10 Processor 11 | . 10 12 10 Energy Gun 7 | . 15 . . Energy Cannon 3 | . 6 . . Ballistic Cannon 8 | . 1 16 10 Launcher 3 | . . 7 10 Peak Build Rating 9 | 7 9 8 8 Average Rating 7 | 5 7 7 8 On Entrance 5 | . 7 8 8 Naked Turns . | . . . . Heaviest Build 22 | 9 20 22 22 Greatest Support 26 | 20 26 26 26 Greatest Overweight (x) 2 | 2 1 . . Average Overweight (x) . | . . . . Largest Inventory Capacity 10 | 5 10 10 10 Average Capacity 9 | 5 8 10 10 Most Carried 5 | . 3 5 5 Average Carried 2 | . 1 4 5 Final Capacity 10 | 5 10 10 10 Final Carried 5 | . 3 5 5 Class Distribution -------------------- 100% | Hacker-Mutant Dominant Class ---------------- Hacker-Mutant | -10/Materials Hacker-Mutant | -10/Mines Hacker-Mutant | -9/Materials Resources | -11 -10 -10 -9 ----------- Run | Yrd Mat Min Mat Matter Collected 444 | 186 164 94 . Remotely . | . . . . Salvage Created 551 | . 435 116 . Parts 30 | . 22 8 . Haulers Intercepted 1 | . 1 . . Recyclers Shooed . | . . . . Parts Field Recycled . | . . . . Retrieved Matter . | . . . . Parts Self-Destructed . | . . . . Prevented . | . . . . Kills | -11 -10 -10 -9 ------- Run | Yrd Mat Min Mat Combat Hostiles Destroyed 14 | . 10 4 . Guns 7 | . 7 . . Cannons 5 | . 2 3 . AOE 1 | . . 1 . Classes Destroyed 6 | . 4 2 . Worker 1 | . . 1 . Hauler 1 | . 1 . . Watcher 3 | . 3 . . Swarmer 6 | . 4 2 . Grunt 6 | . 6 . . Sentry 2 | . . 2 . Best Kill Streak 4 | . 4 3 . Combat Bots Only 4 | . 4 2 . Max Kills in Single Turn 1 | . 1 1 . Gunslinging . | . . . . Exploded 1 | . . 1 . Melee . | . . . . Uniques/NPCs Destroyed . | . . . . Combat | -11 -10 -10 -9 -------- Run | Yrd Mat Min Mat Hostile Shots Fired 45 | . 32 13 . Missed 16 | . 10 6 . Hits 29 | . 22 7 . Projectile 29 | . 22 7 . Damage Taken 257 | . 185 72 . Core 44 | . 24 20 . Absorbed by Shields . | . . . . Ignored by Resistances 159 | . 118 41 . Core Remaining (%) 91 | 100 . 82 . Volleys Fired 38 | . 33 5 . Largest 2 | . 2 2 . Hottest 125 | . 125 60 . Shots Fired 75 | . 66 9 . Gun 52 | . 52 . . Cannon 21 | . 14 7 . Launcher 2 | . . 2 . Special . | . . . . Kinetic 7 | . . 7 . Thermal 66 | . 66 . . Explosive 2 | . . 2 . Electromagnetic . | . . . . Robot Hit Streak 22 | . 15 22 . Robot Miss Streak 2 | . 2 . . Penetration Max . | . . . . Secondary Targets 1 | . 1 . . Max Gunslinging Chain 1 | . 1 . . Shots Hit Robots 54 | . 47 7 . Core Hits 27 | . 21 6 . Critical Kills 1 | . 1 . . Critical Parts Destroyed . | . . . . Critical Strikes 7 | . 7 . . Burn 6 | . 6 . . Meltdown 1 | . 1 . . Melee Attacks . | . . . . Impact . | . . . . Slashing . | . . . . Piercing . | . . . . Sneak Attacks . | . . . . Combat Hostiles . | . . . . Follow-up Attacks . | . . . . Damage Inflicted 836 | . 664 172 . Guns 503 | . 503 . . Cannons 252 | . 161 91 . Explosions 58 | . . 58 . Melee . | . . . . Ramming 23 | . . 23 . Kinetic 91 | . . 91 . Thermal 664 | . 664 . . Explosive 58 | . . 58 . Electromagnetic . | . . . . Impact . | . . . . Slashing . | . . . . Piercing . | . . . . Highest Corruption . | . . . . Average Corruption . | . . . . Corruption Purged . | . . . . Corruption Blocked . | . . . . Overload Shots . | . . . . Overflow Damage 8 | . . 8 . Projectiles . | . . . . Explosions . | . . . . Melee 8 | . . 8 . Knockbacks 1 | . . 1 . Impact 1 | . . 1 . Kinetic . | . . . . Secondary . | . . . . Self-Inflicted Damage 66 | . 43 23 . Shots 2 | . 1 1 . Rammed 1 | . . 1 . Targets Rammed 1 | . . 1 . Kicked . | . . . . Crushed . | . . . . Highest Temperature 225 | . 225 10 . Average Temperature 53 | . 53 10 . Received Heat Transfer 111 | . 93 18 . Siege Activations . | . . . . Martial Activations . | . . . . Shielding Activations . | . . . . Robots Disrupted . | . . . . Combat Hostiles . | . . . . Robots Corrupted 1 | . . 1 . Combat Hostiles . | . . . . Parts Fried 2 | . . 2 . Impact Corruptions 1 | . . 1 . Robots Melted 1 | . 1 . . Combat Hostiles 1 | . 1 . . Parts Melted 10 | . 10 . . Heat Transferred 2183 | . 2183 . . Parts Sabotaged . | . . . . Parts Stolen . | . . . . Parts Stripped . | . . . . Power Chain Reactions . | . . . . Alert | -11 -10 -10 -9 ------- Run | Yrd Mat Min Mat Maximum Alert Level . | . . . . Low Security (%) 100 | 100 100 100 100 Level 1 . | . . . . Level 2 . | . . . . Level 3 . | . . . . Level 4 . | . . . . Level 5 . | . . . . High Security . | . . . . Max Security . | . . . . Peak Influence 101 | . 101 59 6 Initial . | . . . . Average 15 | . 26 4 . Influence Increases 435 | . 320 109 6 Destroy 0b10 Robot/C 280 | . 200 80 . Destroy 0b10 Robot/NC 25 | . 20 5 . Destroy Leader 58 | . 48 10 . Allied During Kill 1 | . . 1 . Successful Hack 32 | . 26 . 6 Disable Machine 12 | . 8 4 . Destroy Structure 27 | . 18 9 . Influence Decreases 435 | . 320 109 6 Time Decay 410 | . 310 94 6 Lost Part 10 | . 10 . . Lost Ally 15 | . . 15 . Squads Dispatched 3 | . 2 . 1 Investigation 3 | . 2 . 1 Extermination . | . . . . Reinforcement . | . . . . Assault . | . . . . Garrison . | . . . . Intercept . | . . . . Searches Triggered . | . . . . Construction Impeded . | . . . . Haulers Reinforced . | . . . . Active Scanning Responses . | . . . . Cargo Convoy Interrupts . | . . . . Stealth | -11 -10 -10 -9 --------- Run | Yrd Mat Min Mat Distress Signals 2 | . 2 . . Communications Jammed . | . . . . Distress Signals . | . . . . Times Spotted 20 | . 16 4 . Peak Tracking Total 4 | . 4 2 . Tactical Retreats 1 | . 1 . . Traps | -11 -10 -10 -9 ------- Run | Yrd Mat Min Mat Traps Triggered . | . . . . Indirectly . | . . . . Trap Hack Attempts . | . . . . Triggered . | . . . . Disarmed 1 | . 1 . . Reprogrammed . | . . . . Reused . | . . . . Traps Extracted . | . . . . Installed . | . . . . Triggered . | . . . . Machines | -11 -10 -10 -9 ---------- Run | Yrd Mat Min Mat Machines Disabled 5 | . 2 3 . Max in Single Turn 2 | . 2 2 . Machines Repaired . | . . . . Machines Dismantled . | . . . . Machines Sabotaged . | . . . . Overloaded Fab Kills . | . . . . Hacking | -11 -10 -10 -9 --------- Run | Yrd Mat Min Mat Machines Accessed 10 | . 9 . 1 Terminals 8 | . 7 . 1 Fabricators . | . . . . Repair Stations 1 | . 1 . . Recycling Units 1 | . 1 . . Scanalyzers . | . . . . Garrison Access . | . . . . Total Hacks 51 | . 47 . 4 Successful 37 | . 33 . 4 Failed 14 | . 14 . . Catastrophic 2 | . 2 . . Database Lockouts . | . . . . Manual 44 | . 40 . 4 Terminals 44 | . 40 . 4 Fabricators . | . . . . Repair Stations 1 | . 1 . . Recycling Units 6 | . 6 . . Scanalyzers . | . . . . Garrison Access . | . . . . Terminal Hacks 10 | . 10 . . Robot Analysis 3 | . 3 . . Branch Access Points 1 | . 1 . . Terminal Index 1 | . 1 . . Disarm Traps 1 | . 1 . . Hauler Manifests 1 | . 1 . . Registered Components 1 | . 1 . . Zone Layout 2 | . 2 . . Fabricator Hacks . | . . . . Repair Station Hacks . | . . . . Recycling Unit Hacks 1 | . 1 . . Report Inventory 1 | . 1 . . Scanalyzer . | . . . . Garrison Access Hacks . | . . . . Unauthorized Hacks 26 | . 22 . 4 Terminals 21 | . 17 . 4 Track 6 | . 5 . 1 Botnet 5 | . 4 . 1 Disrupt 2 | . 2 . . Operators 1 | . . . 1 Skim 7 | . 6 . 1 Fabricators . | . . . . Repair Stations 1 | . 1 . . Patch 1 | . 1 . . Recycling Units 4 | . 4 . . Monitor 1 | . 1 . . Reject 1 | . 1 . . Recyclers 1 | . 1 . . Mask 1 | . 1 . . Scanalyzers . | . . . . Garrison Access . | . . . . Data Cores Recovered . | . . . . Used . | . . . . Hacking Detections 8 | . 7 . 1 Full Trace Events 3 | . 2 . 1 Feedback Events . | . . . . Feedback Blocked . | . . . . Robot Schematics Acquired . | . . . . Robots Built . | . . . . Authchips . | . . . . Time . | . . . . Total Robot Build Rating . | . . . . Part Schematics Acquired . | . . . . Parts Built . | . . . . Authchips . | . . . . Time . | . . . . Total Part Build Rating . | . . . . Parts Repaired . | . . . . Time . | . . . . Parts Recycled . | . . . . Recycled Matter . | . . . . Retrieved Matter . | . . . . Retrieved Components . | . . . . Parts Scanalyzed . | . . . . Part Schematics Acquired . | . . . . Parts Damaged . | . . . . Bothacking | -11 -10 -10 -9 ------------ Run | Yrd Mat Min Mat Used RIF Installer . | . . . . Robots Hacked . | . . . . Non-combat . | . . . . Combat . | . . . . Robot Hacks Applied . | . . . . Relay Couplers Released . | . . . . Fabnet Peak Effective % . | . . . . Robots Rewired . | . . . . Allies Hacked . | . . . . Hacks Repelled . | . . . . Allies | -11 -10 -10 -9 -------- Run | Yrd Mat Min Mat Total Allies 3 | . . 3 . Largest Group 3 | . . 3 2 Highest-Rated Group 40 | . . 40 32 Highest-Rated Ally 16 | . . 16 16 Total Orders 1 | . . 1 . FOLLOW 1 | . . 1 . Ally Attacks 5 | . . 5 . Total Damage 54 | . . 54 . Kills . | . . . . Allies Corrupted . | . . . . Allies Melted . | . . . . Intel | -11 -10 -10 -9 ------- Run | Yrd Mat Min Mat Active Infowar (turns) 262 | 8 254 . . ECM 262 | 8 254 . . Robot Analysis Total 3 | . 3 . . Derelict Logs Recovered 1 | . . 1 . Drone Launches . | . . . . Drone Recoveries . | . . . . Exploration | -11 -10 -10 -9 ------------- Run | Yrd Mat Min Mat Turns Passed 1496 | 43 749 674 30 Spaces Moved 1315 | 31 615 637 32 Core 8 | 8 . . . Treads . | . . . . Legs 111 | 23 88 . . Wheels 1196 | . 527 637 32 Hover . | . . . . Flight . | . . . . Fastest Speed 50 | 50 90 90 90 Average Speed 93 | 108 96 90 90 Slowest Speed 150 | 150 120 90 90 Overloaded Moves . | . . . . Propulsion Burnouts . | . . . . Robots Hopped . | . . . . Potential Cave-ins . | . . . . Cave-ins Triggered . | . . . . Exploration Rate (%) 48 | 3 90 98 4 Regions Visited 3 Branch Regions 1 Pre-discovered Areas . | . . . . Known Exits Taken 3 | 1 1 1 . Unknown Exits Taken . | . . . . Scrap Searched 2 | . . 2 . Spaces Dug . | . . . . Terrain Destroyed 24 | . 17 7 . Melee . | . . . . Projectile . | . . . . AOE 24 | . 17 7 . Terrain Rammed . | . . . . Walls Destroyed . | . . . . Machines Disabled . | . . . . Actions | -11 -10 -10 -9 --------- Run | Yrd Mat Min Mat Total 1496 | 37 699 727 33 Wait 112 | . 31 80 1 Move 1312 | 30 614 636 32 Hop . | . . . . Pick Up 5 | . 4 1 . Fast Attach 14 | 7 6 1 . Attach . | . . . . Detach 1 | . 1 . . Swap 6 | . 4 2 . Drop 7 | . 6 1 . Fire 38 | . 33 5 . Melee . | . . . . Ram 1 | . . 1 . Kick . | . . . . Crush . | . . . . Escape Stasis . | . . . . Rewire . | . . . . Trap . | . . . . Miscellaneous . | . . . . Route ------- -11/Scrapyard -10/Materials (discovered 5 exits: *Mat x3 / *Min x2) -10/Mines (discovered 2 exits: *Mat x2) -9/Materials History --------- Turn | Location | Event 26 | -11/Scrapyard | Identified exit to Materials 26 | -11/Scrapyard | Discovered exit to Materials (range 15) 44 | -11/Scrapyard | Entered Materials 44 | -10/Materials | Evolved 1 slot: Utility x1 131 | -10/Materials | Identified exit to Materials 131 | -10/Materials | Discovered exit to Materials (range 15) 311 | -10/Materials | Identified exit to Mines 311 | -10/Materials | Discovered exit to Mines (range 16) 320 | -10/Materials | Build established: Hacker-Mutant 390 | -10/Materials | Discovered exit to Materials (range 16) 572 | -10/Materials | Discovered exit to Materials (range 5) 793 | -10/Materials | Entered Mines 861 | -10/Mines | Met a Derelict bent on vengeance 975 | -10/Mines | Discovered exit to Materials (range 6) 1038 | -10/Mines | Assisted by bots powering up and referring to "LRC-V3" 1467 | -10/Mines | Entered Materials 1467 | -9/Materials | Accompanied by 2 allies 1467 | -9/Materials | Evolved 2 slots: Propulsion x1, Utility x1 1497 | -9/Materials | Self-destructed Last Messages --------------- Trojan loaded successfully. Testing... Operator tracking enabled and active. >>Trojan(Skim) Trojan loaded successfully. Testing... Terminal linked with 0 systems. Please expand to 4 more systems! >>Trojan(Botnet) Trojan loaded successfully. Testing... Terminal linked with 0 systems. Awaiting botnet instructions. >>Trojan(Track) Trojan loaded successfully. Testing... Tracking enabled and active. 01482_ ALERT: Suspicious activity at Terminal M003. Dispatching Investigation squad. 01496_ K-01 Serf collects debris. Map ----- +----------------------------------------------------+ | ?????????????????????????????????????????????????? | | ?????????????????????????????????????????????????? | | ?????????????????????????????????????????????????? | | ?????????????????????????????????????????????????? | | ?????????????????????????????????????????????????? | | ?????????????????????????????????????????????????? | | ?????????????????????????????????????????????????? | | ?????????????????????????????????????????????????? | | ?????????????????????????????????????????????????? | | ?????????????????????????????????????????????????? | | ?????????????????????????????????????????????????? | | ?????????????????????????????????????????????????? | | ?????????????????????????????????????????????????? | | ?????????????????????????????????????????????????? | | ?????????????????????????????????????????????????? | | ?????????????????????????????????????????????????? | | ?????????????????????????????????????????????????? | | ?????????????????????????????????????????????????? | | ?????????????????????????????????????????????????? | | ?????????????????????????????????????????????????? | | ???????????? ?????????????????????????????????? | | ??????????? != ???????????????????????????????? | | ??????????? = g "????????#########????????????? | | ?????????? ??????# #????????????? | | ?????????? #####k #????????????? | | ?????????? ] @ g #????????????? | | ?????????? ######g######????????????? | | ?????????? ??# #????????????? | | ???????????+##### ????# T #????????????? | | ????????????????##??????# % #????????????? | | ????????????????????????#= #????????????? | | ????????????????????????# """"" #????????????? | | ????????????????????????# """"" #????????????? | | ????????????????????????# """"" #????????????? | | ????????????????????????#############????????????? | | | | | | | | | | | | | | | | | | | | | | | | | | | | | | | +----------------------------------------------------+ Best States ------------- Heat Dissipation 38 Energy Generation 10 Energy Capacity 250 Matter Stores 300 Matter Capacity 300 Sight Range 16 Terrain Scan Density 10 ECM Strength 1 Resistance: KI 35 Resistance: TH 35 Resistance: EX 35 Resistance: EM 35 Resistance: I 35 Resistance: S 35 Resistance: P 35 Evasion (%) 55 Targeting Accuracy 5 Offensive Hacking 20 Item Schematics ----------------- None Robot Schematics ------------------ None Fabricated ------------ Nothing Repaired ---------- Nothing Alien Tech Used ----------------- None Achievements -------------- None Challenges ------------ None Game ------ Seed TrapEtherialRailcannon Manual? 0 Play Time 00:33:59 Cumulative 31.1 hours Start 2025.10.08 @ 14:56:46 End 2025.10.08 @ 15:30:31 Sessions 1 Manual Loads 0 Difficulty Explorer Special Mode None Game No. 16 Rogue 0 Adventurer 14 Explorer 2 Win Type - Total 0 Types 0/0/0/0/0/0/0/0/0/0 Lore% 35 Gallery% 30 Achievement% 39 Wizard Run 0 Options --------- Layout 1 ASCII 0 Keyboard 0 Movement Numpad Keybinds 0 Fullscreen 1 Font 32/SmallcapsGlow Map View 50x35 Zoom Use 0% Tactical HUD 1 Map Filters NONE Filters NONE Steam 1 RUN: 19385e9c-c4e7-4e0d-be0e-46a4925aaa4d